Map: Dusk Towers

Players

Ninkazi - Winner!

  • Race: Terran Terran
  • League: Master

Malaki

  • Race: Protoss Protoss

VOD

Have the link to the VOD?

Description

Time

  • Played on: Feb. 16, 2016, 11:52 p.m.
  • Length: 11:24
Show
View Real Time Build Order
Export as new Build Order

Ninkazi Terran - Winner!

Build Orders: Reaper Expand, MMM Bio 

Get SALT Encoding   

  12  0:00  SCV  
  13  0:13  SCV  
  14  0:17  Supply Depot  
  14  0:25  SCV  
  15  0:39  SCV, Barracks  
  16  0:44  Refinery  
  16  0:51  SCV  
  17  1:03  SCV  
  18  1:15  SCV  
  19  1:27  Orbital Command  
  19  1:28  Reaper  
  20  1:42  Command Center  
  20  1:50  Supply Depot  
  20  1:53  SCV  
  21  2:01  Barracks Reactor  
  21  2:06  Barracks  
  21  2:09  SCV  
  21  2:13  Refinery  
  22  2:22  SCV  
  23  2:27  Factory  
  23  2:34  SCV  
  24  2:42  Marine x2  
  26  2:46  SCV  
  27  2:54  Barracks Tech Lab  
  27  2:55  Orbital Command  
  28  2:58  SCV  
  28  3:00  Marine  
  28  3:01  Marine  
  30  3:10  SCV  
  31  3:23  SCV x2  
  31  3:24  Factory Reactor  
  31  3:25  Starport  
  31  3:26  Stimpack  
  32  3:29  Marine  
  32  3:30  Marine  
  32  3:33  Marine  
  35  3:36  SCV  
  35  3:37  SCV  
  37  3:42  Supply Depot  
  37  3:48  SCV  
  38  3:49  SCV, Marine  
  38  3:50  Marine  
  38  3:54  Marine  
  42  3:58  Supply Depot  
  42  4:00  SCV  
  42  4:01  Widow Mine  
  45  4:03  Widow Mine  
  45  4:07  Medivac  
  45  4:08  Marine  
  50  4:11  SCV  
  50  4:13  Marine  
  50  4:14  Marine  
  53  4:17  SCV  
  53  4:22  Supply Depot  
  54  4:26  SCV, Refinery  
  54  4:28  Marine  
  56  4:31  Liberator  
  56  4:32  Marine, Liberator  
  56  4:36  SCV  
  58  4:38  Supply Depot  
  58  4:41  SCV  
  58  4:43  Marine  
  60  4:48  SCV  
  60  4:52  Marine  
  68  4:53  SCV  
  69  5:00  SCV, Marine  
  69  5:02  Factory Reactor  
  69  5:03  Marine  
  69  5:06  SCV  
  73  5:09  Supply Depot  
  73  5:10  Marine  
  73  5:13  SCV, Engineering Bay  
  75  5:18  Marine  
  75  5:21  Marine  
  77  5:27  Combat Shields  
  78  5:28  SCV  
  78  5:30  SCV, Marine  
  78  5:31  Supply Depot  
  80  5:35  Marine  
  80  5:40  SCV  
  82  5:45  Marine, Command Center, Barracks  
  82  5:48  Marine  
  82  5:49  Barracks  
  82  6:11  SCV  
  81  6:12  Marine  
  81  6:13  Marine, Marauder  
  81  6:15  Widow Mine x2, Medivac x2  
  90  6:20  Barracks  
  87  6:26  SCV x2  
  87  6:29  Terran Infantry Weapons Level 1  
  87  6:30  Marine x2  
  87  6:32  Marine  
  91  6:33  Missile Turret  
  91  6:34  Marauder  
  94  6:45  Barracks Tech Lab  
  94  6:51  Supply Depot  
  94  6:55  Supply Depot  
  94  6:56  Engineering Bay, Marine x2, Widow Mine x2, Medivac  
  94  6:59  Refinery  
  94  7:00  Armory, Marine  
  94  7:01  Marauder  
  105  7:06  Marauder  
  105  7:07  SCV  
  108  7:11  Marine  
  108  7:14  Marine x2  
  111  7:18  Marine  
  111  7:22  Marauder  
  114  7:27  Marine  
  114  7:29  Marine  
  110  7:32  Marine  
  109  7:43  Marauder  
  98  7:45  Liberator x2, Marauder  
  98  7:50  Marine  
  93  7:52  Marine x2  
  88  7:59  Marine  
  88  8:04  SCV  
  88  8:05  Marauder  
  98  8:06  Orbital Command  
  98  8:07  SCV, Marine, Marauder  
  98  8:10  Marine x2  
  101  8:16  SCV, Marine  
  103  8:25  Marine  
  103  8:26  Marauder  
  106  8:27  Marine  
  106  8:28  Marine x2  
  95  8:34  Marine  
  84  8:43  SCV x2, Marine, Barracks  
  84  8:45  Barracks  
  84  8:46  Marine x2, Barracks, Marauder  
  84  8:48  Medivac, Marauder  
  93  8:49  Medivac  
  93  8:52  Marine  
  93  8:53  Terran Infantry Weapons Level 2  
  96  8:57  Terran Infantry Armor Level 1  
  96  9:01  Marine  
  97  9:03  Marine  
  97  9:04  Marine  
  97  9:07  Marine  
  97  9:08  Marine  
  100  9:10  Marine  
  101  9:18  Supply Depot  
  101  9:19  Marine  
  101  9:20  Supply Depot  
  101  9:21  Marine x2  
  104  9:24  Marine  
  104  9:27  Marauder  
  104  9:28  Marine  
  104  9:30  Medivac x2  
  112  9:36  Marine  
  112  9:37  Factory Tech Lab  
  113  9:39  Marine x2  
  113  9:43  Liberator, Marauder  
  117  9:45  Marine  
  117  9:48  Marauder  
  117  9:49  Liberator  
  120  9:53  SCV x3  
  120  9:54  Marine  
  120  9:55  Marine x3  
  120  9:56  Refinery x2  
  120  9:57  Marine x2  
  129  10:03  Marine  
  129  10:04  Marine  
  129  10:05  SCV  
  138  10:07  Command Center  
  138  10:12  Marine  
  138  10:13  Marauder  
  141  10:34  Marine x3  
  141  10:38  Siege Tank  
  127  10:52  Marine x3, Marauder x2  
  127  10:54  Marine x2  
  127  10:55  Marine  
  127  10:56  Marine  
Show
View Real Time Build Order
Export as new Build Order

Malaki Protoss 

Build Orders:  

Get SALT Encoding   

  12  0:01  Probe (Chrono Boost)  
  13  0:12  Probe (Chrono Boost)  
  14  0:20  Pylon  
  14  0:24  Probe (Chrono Boost)  
  15  0:39  Probe (Chrono Boost)  
  15  0:41  Gateway  
  16  0:53  Probe (Chrono Boost)  
  16  0:56  Assimilator  
  17  1:03  Probe (Chrono Boost)  
  18  1:09  Pylon  
  18  1:14  Probe (Chrono Boost)  
  19  1:30  Cybernetics Core  
  19  1:31  Probe (Chrono Boost)  
  20  1:47  Nexus  
  20  1:49  Probe (Chrono Boost)  
  21  1:58  Assimilator  
  21  2:00  Probe (Chrono Boost)  
  22  2:07  Stalker (Chrono Boost)  
  23  2:11  Warp Gate  
  23  2:13  Probe  
  24  2:25  Probe  
  25  2:33  Robotics Facility  
  25  2:38  Probe  
  26  2:50  Probe  
  27  2:59  Probe (Chrono Boost)  
  27  3:02  Mothership Core (Chrono Boost)  
  30  3:10  Pylon  
  31  3:13  Twilight Council, Probe (Chrono Boost)  
  31  3:21  Probe (Chrono Boost)  
  31  3:25  Observer (Chrono Boost)  
  33  3:29  Probe  
  33  3:33  Probe  
  35  3:39  Probe  
  35  3:40  Gateway  
  36  3:42  Gateway  
  36  3:43  Pylon  
  36  3:49  Observer (Chrono Boost)  
  36  3:51  Probe x2  
  39  3:57  Pylon  
  39  4:02  Blink (Chrono Boost)  
  39  4:03  Probe  
  39  4:07  Probe  
  41  4:16  Pylon  
  41  4:17  Stalker  
  41  4:23  Probe  
  41  4:24  Probe  
  44  4:25  Assimilator  
  44  4:29  Assimilator  
  45  4:34  Probe  
  45  4:35  Probe  
  47  4:41  Stalker x3  
  47  4:45  Probe  
  53  4:48  Probe  
  55  4:55  Probe  
  55  4:56  Pylon  
  56  5:00  Probe  
  56  5:06  Probe  
  57  5:07  Forge  
  57  5:09  Forge  
  57  5:11  Observer  
  57  5:12  Probe  
  60  5:16  Probe  
  60  5:18  Stalker, Pylon  
  63  5:24  Probe  
  63  5:27  Probe  
  64  5:31  Robotics Bay  
  65  5:36  Probe  
  65  5:37  Probe  
  65  5:40  Protoss Ground Armor Level 1 (Chrono Boost)  
  67  5:48  Probe  
  68  5:51  Stalker x2  
  68  5:52  Stalker, Probe  
  74  6:00  Probe  
  65  6:13  Probe  
  59  6:18  Stalker x3  
  59  6:19  Probe  
  59  6:24  Disruptor  
  59  6:25  Probe  
  66  6:29  Gateway  
  66  6:30  Probe  
  66  6:32  Gateway  
  67  6:37  Photon Cannon, Probe  
  68  6:40  Probe  
  68  6:42  Adept  
  68  6:43  Adept  
  73  6:49  Probe  
  74  6:56  Adept  
  74  6:57  Probe  
  77  7:05  Adept x2  
  81  7:08  Pylon  
  81  7:14  Photon Cannon  
  81  7:15  Photon Cannon  
  81  7:17  Disruptor  
  81  7:21  Resonating Glaives (Chrono Boost)  
  84  7:32  Adept x2  
  85  7:42  Adept x3  
  69  7:54  Adept x2  
  73  8:08  Stalker x3  
  73  8:09  Probe  
  74  8:16  Disruptor  
  77  8:25  Probe  
  76  8:34  Adept x3  
  76  8:41  Probe  
  80  8:43  Protoss Ground Weapons Level 1 (Chrono Boost)  
  80  8:44  Probe  
  80  8:46  Protoss Ground Armor Level 2 (Chrono Boost)  
  79  8:53  Probe  
  79  8:54  Pylon  
  80  8:56  Adept x3  
  80  9:02  Nexus  
  86  9:09  Pylon  
  86  9:16  Charge (Chrono Boost)  
  86  9:22  Templar Archives, Probe  
  87  9:27  Gateway  
  87  9:29  Probe  
  87  9:30  Pylon  
  86  9:40  Stalker  
  86  9:41  Stalker  
  86  9:44  Disruptor  
  93  9:51  Stalker x2  
  97  9:54  Probe  
  98  10:05  Zealot x2  
  102  10:12  Gateway  
  102  10:14  Gateway  
  102  10:16  Pylon  
  102  10:21  Zealot x2  
  106  10:40  Zealot x2  
  98  10:47  Adept x3  
  96  10:59  Pylon  
  96  11:10  Zealot x2  
  92  11:13  Zealot x3  
  92  11:17  Zealot x2  
Tags
 
Composition
MMM Bio
League
Master
Matchup
PvT
Add a new tag
Caveats
  • Supply blocks, unpowered buildings, or Contaminate may cause inaccurate times.
  • Supply counts are checked every 10 seconds.